 Dungeon Crawl Stone Soup version 0.32-a0-918-g0f22ef8d61 (webtiles) character file.

Game seed: 6288160805622239930

142 clenchingflame the Cudgeller (level 5, 0/45 HPs)
             Began as a Mountain Dwarf Fighter on Apr 11, 2024.
             Was an Initiate of Cheibriados.
             Slain by an ice beast (14 damage)
             ... on level 4 of the Dungeon on Apr 12, 2024.
             The game lasted 00:09:49 (3169 turns).

clenchingflame the Cudgeller (MDFi)                 Turns: 3169, Time: 00:09:49

Health: 0/45       AC: 12    Str: 21    XL:     5   Next: 4%
Magic:  5/5        EV: 10    Int: 10    God:    Cheibriados [......]
Gold:   225        SH:  4    Dex: 10    Spells: 1/4 levels left

rFire   . . .        a - +0 flail
rCold   . . .        c - +0 buckler
rNeg    . . .        e - +0 plate armour
rPois   .            (no helmet)
rElec   .            (no cloak)
rCorr   .            (no gloves)
SInv    .            (no boots)
Will    .....        (no amulet) Stlth
                     v - +5 ring of evasion
HPRegen 0.27/turn    b - ring of wizardry
MPRegen 0.09/turn

%: wizardry (x1)
@: very slow
A: runic magic, artefact enchanting
a: Renounce Religion


You were on level 4 of the Dungeon.
You worshipped Cheibriados.
Cheibriados was noncommittal.
You visited 1 branch of the dungeon, and saw 4 of its levels.

You collected 225 gold pieces.

Inventory:

Hand Weapons
 a - a +0 flail (weapon)
 y - a +0 short sword
Missiles
 k - 2 silver javelins
 l - 36 stones (quivered)
Armour
 c - a +0 buckler (worn)
 e - a +0 plate armour (worn)
 x - a +1 cloak
Jewellery
 b - a ring of wizardry (right hand)
 v - a +5 ring of evasion (left hand)
Scrolls
 f - 2 scrolls of teleportation {unknown}
 g - 6 scrolls of identify {unknown}
 i - 3 scrolls of fog {unknown}
 j - a scroll of revelation {unknown}
 m - 2 scrolls of summoning {unknown}
 n - 2 scrolls of poison {unknown}
 q - a scroll of torment {unknown}
 r - a scroll of fear {unknown}
 t - a scroll of vulnerability {unknown}
 u - a scroll of immolation {unknown}
 w - a scroll of enchant weapon {unknown}
Potions
 d - a potion of might
 h - a potion of attraction {unknown}
 o - a potion of haste {unknown}
 p - a potion of curing {unknown}
 s - 2 potions of brilliance {unknown}


   Skills:
 - Level 3.2 Fighting
 * Level 5.3 Maces & Flails
 + Level 4.4 Armour
 - Level 3.3 Shields
 + Level 0.0 Ice Magic


You had one spell level left.
You knew the following spells:

 Your Spells              Type           Power      Damage    Failure   Level
a - Ozocubu's Armour      Ice            0%         N/A       73%         3

Your spell library contained the following spells:

 Spells                   Type           Power      Damage    Failure   Level
 Frozen Ramparts          Ice            0%         1d1       73%         3
 Tukima's Dance           Hex            0%         N/A       73%         3
 Dimensional Bullseye     Hex/Tloc       0%         N/A       98%         4
 Iskenderun's Mystic Bla Conj/Tloc 0%             2d3        (+2d1     98%         4
 Metabolic Englaciation   Hex/Ice        0%         N/A       100%        5


Dungeon Overview and Level Annotations

Branches:
Dungeon (4/15)
 Temple: D:4-7

Altars:
Cheibriados
Fedhas
Xom
Zin


Innate Abilities, Weirdness & Mutations

Your spellcasting is much less encumbered by armour.
You can use scrolls of enchantment on lesser artefacts.


Message History

Casting: Ozocubu's Armour (quite dangerous; 73% risk of failure)
Confirm with . or Enter, or press ? or * to list all spells.
You don't know that spell.
Unknown command.
Press: ? - help, v - describe, . - travel The floor.
Okay, then.
Okay, then.
You now have 213 gold pieces (gained 13).
You now have 221 gold pieces (gained 8).
An orc comes into view. It is wielding a +0 short sword.
The orc shouts!
You barely miss the orc. The orc hits you but does no damage.
You barely miss the orc. The orc hits you but does no damage.
You closely miss the orc. The orc barely misses you.
You hit the orc.
The orc is almost dead.
The orc hits you but does no damage.
You barely miss the orc.
The orc is almost dead.
You block the orc's attack. The orc barely misses you.
You hit the orc but do no damage.
The orc is severely wounded.
The orc hits you with a +0 short sword.
You sock the orc!
You kill the orc!
Cheibriados appreciates the change of pace.
No target in view!
You now have 225 gold pieces (gained 4).
You see here a +0 short sword.
y - a +0 short sword
l - 36 stones (gained 5)
An ice beast comes into view.
The ice beast hits you. The ice beast freezes you!
The ice beast attacks as it pursues you!
The ice beast hits you. The ice beast freezes you!
You closely miss the ice beast. The ice beast hits you.
The ice beast freezes you!
You die...
Cheibriados appreciates the motionlessness of death.

#....ß.ß.....###.....#
##.....#.#..#..#......#
###.#..####...##.......
#.#..#..# #...#.##.##.#
#.#..### #.#.#. #.# .#
#.#.#..# #.#.#. ..# # #
#....# ..#... ###
##..Y## #..#..# #...#@#
#....## ##....## .##..#
#....#.# # .. #...####
#..#.# #.#### ##. #


You could see an ice beast.

Vanquished Creatures
  Crazy Yiuf (D:3)
  3 adders
  A dart slug (D:1)
  4 ribbon worms (D:2)
  2 orcs
  10 ball pythons
  4 bats (D:2)
  6 endoplasms
  7 giant cockroaches
  6 goblins
  7 hobgoblins
  3 jackals (D:1)
  A quokka (D:1)
  3 frilled lizards
  3 kobolds
  5 rats
66 creatures vanquished.

Notes
Turn   | Place    | Note
-------+----------+-------------------------------------------
     0 | D:1      | clenchingflame the Mountain Dwarf Fighter began the quest
                  | for the Orb.
     0 | D:1      | Reached XP level 1. HP: 19/19 MP: 1/1
   123 | D:1      | Reached skill level 3 in Maces & Flails
   209 | D:1      | Reached XP level 2. HP: 17/26 MP: 2/2
   650 | D:1      | Reached XP level 3. HP: 30/31 MP: 3/3
  1151 | D:2      | Reached skill level 4 in Maces & Flails
  1441 | D:2      | You fall into a shaft and drop 1 floor!
  1610 | D:2      | Reached XP level 4. HP: 38/38 MP: 4/4
  1640 | D:2      | Learned a level 3 spell: Ozocubu's Armour
  2205 | D:3      | Found a snail-covered altar of Cheibriados.
  2294 | D:3      | Became a worshipper of Cheibriados the Contemplative
  2408 | D:3      | Found a shimmering altar of Xom.
  2652 | D:3      | Found a blossoming altar of Fedhas.
  2773 | D:3      | Found a glowing silver altar of Zin.
  2891 | D:3      | Found a runed translucent door.
  2892 | D:3      | Noticed Crazy Yiuf
  2902 | D:3      | Killed Crazy Yiuf
  2903 | D:3      | Reached skill level 5 in Maces & Flails
  3077 | D:4      | Reached XP level 5. HP: 45/45 MP: 5/5
  3163 | D:4      | Noticed an ice beast
  3169 | D:4      | Slain by an ice beast

Illustrated notes

Levels and vault maps discovered:
D:1:      giann_wishing_wells, layout_loops_ring, minmay_misc_feat_hallway,
          grunt_decor_arrowhead, kennysheep_minor_cross
D:2:      layout_loops_corners
D:3:      layout_loops_ring, old_standard_altar, zin_treasury,
          mainiacjoe_overflow_boulevard, fedhas_altar_fruit_tree,
          uniq_crazy_yiuf_cottage
D:4:      wad_crossroads, layout_loops_ring, ebering_ghost_reflecting_pool

Skill      XL: |  1  2  3  4 |
---------------+-------------+-----
Maces & Flails | 3 4 5 |  5.3
Armour         | 4 |  4.4
Fighting       | |  3.2
Shields        | |  3.3

Action                     |  1- 3 |  4- 6 || total
---------------------------+-------+-------++-------
  Melee: Flail             |   135 |    96 ||   231
 Armour: Scale mail        |    76 |       ||    76
         Plate armour      |    42 |    72 ||   114
  Dodge: Dodged            |    46 |    31 ||    77
  Block: Buckler           |    22 |    28 ||    50

Table legend: (Time is in decaauts)
 A = Elapsed time spent in this place.
 B = Non-inter-level travel time spent in this place.
 C = Inter-level travel time spent in this place.
 D = Time resting spent in this place.
 E = Time spent auto-exploring this place.
 F = Levels seen in this place.
 G = Mean time per level.
                   A        B        C        D        E       F      G
               +--------+--------+--------+--------+--------+-----+--------+
         Total |   3424 |   3264 |    160 |    247 |   2280 |   4 |  856.0 |
       Dungeon |   3424 |   3264 |    160 |    247 |   2280 |   4 |  856.0 |
               +--------+--------+--------+--------+--------+-----+--------+

Top non-repeatable levels by time:
     D:3: 1224 daAuts
     D:2: 1177 daAuts
     D:1: 894 daAuts
     D:4: 128 daAuts
